 Dungeon Crawl Stone Soup version 0.30.1-4-g462c640d31 (webtiles) character file.

Game seed: 1891573915998258305

2764 Anriel the Covered (level 10, -2/74 HPs)
             Began as a Human Gladiator on Aug 18, 2023.
             Was an Initiate of Makhleb.
             Killed from afar by a lindwurm (25 damage)
             ... with a blast of flame
             ... on level 8 of the Dungeon.
             The game lasted 00:29:46 (5281 turns).

Anriel the Covered (Human Gladiator)                Turns: 5281, Time: 00:29:46

Health: -2/74      AC: 19    Str: 20    XL:     10   Next: 1%
Magic:  13/13      EV: 10    Int:  8    God:    Makhleb [......]
Gold:   507        SH:  0    Dex: 14    Spells: 9/9 levels left

rFire   . . .        a - +0 war axe
rCold   . . .        (no shield)
rNeg    + + .        t - +4 chain mail {rN+}
rPois   +            o - +2 helmet
rElec   .            w - +0 cloak {Stlth+}
rCorr   .            (no gloves)
SInv    .            q - +0 pair of boots
Will    .....        g - amulet of regeneration Stlth
                     i - ring of poison resistance
HPRegen 1.12/turn    e - ring of positive energy
MPRegen 0.13/turn

%: no passive effects
@: no status effects
A: no striking features
a: Renounce Religion


You were on level 8 of the Dungeon.
You worshipped Makhleb.
Makhleb was noncommittal.
You visited 2 branches of the dungeon, and saw 9 of its levels.
You also visited: Sewer.

You collected 507 gold pieces.

Inventory:

Hand Weapons
 a - a +0 war axe (weapon)
 m - a +2 hand axe of draining
 n - the +7 staff of the Meek {protect, meekguard}
   (You found it on level 3 of the Dungeon)
Missiles
 d - a throwing net (quivered)
Armour
 o - a +2 helmet (worn)
 p - a +0 plate armour
 q - a +0 pair of boots (worn)
 t - a +4 chain mail of positive energy (worn)
 w - a +0 cloak of stealth (worn)
Jewellery
 e - a ring of positive energy (right hand)
 g - an amulet of regeneration (around neck)
 i - a ring of poison resistance (left hand)
Wands
 j - a wand of flame (10)
 r - a wand of iceblast (1)
Scrolls
 c - 4 scrolls of identify
 l - 2 scrolls of immolation
 u - a scroll of fog
 v - a scroll of blinking
 x - a scroll of vulnerability {unknown}
Potions
 b - 2 potions of curing
 f - a potion of brilliance
 h - 2 potions of heal wounds
 k - 2 potions of flight
 s - a potion of haste


   Skills:
 + Level 5.3 Fighting
 + Level 5.3 Axes
 - Level 5.3 Throwing
 - Level 5.4 Armour
 - Level 5.3 Dodging
 - Level 5.0 Invocations
 + Level 4.5 Evocations


You had 9 spell levels left.
You didn't know any spells.
Your spell library contained the following spells:

 Spells                   Type           Power      Damage    Failure   Level
 Summon Small Mammal      Summ           0%         N/A       96%         1
 Call Canine Familiar     Summ           0%         N/A       100%        3
 Summon Guardian Golem    Hex/Summ       0%         N/A       100%        3
 Vhi's Electric Charge    Tloc/Air       0%         N/A       100%        3
 Summon Ice Beast         Ice/Summ       0%         N/A       100%        4
 Arcjolt                  Conj/Air       0%         1d10      100%        5
 Summon Mana Viper        Hex/Summ       0%         N/A       100%        5
 Plasma Beam              Fire/Air       0%         2x1d11    100%        6
 Monstrous Menagerie      Summ           0%         N/A       100%        7


Dungeon Overview and Level Annotations

Branches:
Dungeon (8/15)             Temple (1/1) D:5           Sewer (visited)
   Lair: D:8-11

Altars:
Ashenzari
Cheibriados
Dithmenos
Elyvilon
Fedhas
Gozag
Hepliaklqana
Makhleb
Qazlal
Ru
Sif Muna
Trog
Uskayaw
Vehumet
Wu Jian
Xom
Yredelemnul
Zin
The Shining One

Shops:
D:1 (

Annotations:
D:7 2 transporters, Heoruswealwe's ghost, novice DECj


Message History

The orc priest hits you but does no damage.
You have reached level 10!
You hit the orc priest but do no damage.
The orc priest is heavily wounded.
You barely miss the orc wizard. You slash the orc!
You kill the orc!
Makhleb accepts your kill.
The orc wizard hits you with a +0 dagger.
The orc priest calls upon Beogh to heal the orc wizard.
The orc wizard is healed somewhat.
You hit the orc priest.
The orc priest is severely wounded.
You slash the orc wizard!
The orc wizard hits you but does no damage.
The orc priest barely misses you. The orc priest closely misses you.
The orc wizard hits you but does no damage.
You hit the orc priest.
The orc priest is almost dead.
You closely miss the orc wizard.
The orc wizard hits you but does no damage.
The orc priest misses you.
You hit the orc priest but do no damage.
The orc priest is almost dead.
You hit the orc wizard.
You kill the orc wizard!
Makhleb accepts your kill. The orc priest closely misses you.
Your Invocations skill increases to level 5!
You hit the orc priest but do no damage.
The orc priest is almost dead.
The orc priest hits you but does no damage.
The lindwurm breathes flames at you. The blast of flame hits you!
* * * LOW HITPOINT WARNING * * *
You slash the orc priest!
You kill the orc priest!
Makhleb accepts your kill. The lindwurm breathes flames at you.
The blast of flame hits you!!
You die...

#.# #.# # #.#
#.#############.## #
#................#
##.####.##....#####.#
...........≈......#..#
......))...≈≈.≈≈.......
......)@≈≈≈≈≈§§≈.≈...#.#
.....≈≈≈≈≈≈§§§≈§§≈.....#
.....≈§≈≈≈≈≈≈§≈§≈§§.....
...§≈≈≈≈≈≈≈§≈§§≈§≈§§≈
....§§§§≈§kk.§≈§≈≈§§§
..§≈§≈§§kk.##§..
...§≈§≈≈..## #..
...≈≈≈§..#.


You could see 4 lindwurms.

Vanquished Creatures
  Pikel (D:5)
  Joseph (D:7)
  A steam dragon (D:6)
  Menkaure (D:5)
  Duvessa (D:5)
  2 ice beasts
  2 ogres
  2 lemures (D:5)
  2 kobold brigands (Sewer)
  A bullfrog (D:7)
  3 scorpions
  Dowan (D:5)
  A hound (D:5)
  2 jellies
  5 orc priests
  Crazy Yiuf (D:7)
  A gnoll bouda (D:6)
  An iguana (D:4)
  A sleepcap (D:5)
  4 orc wizards
  18 gnolls
  Robin (D:3)
  8 adders
  4 river rats
  2 white imps
  5 worms
  2 dart slugs (D:1)
  13 orcs
  13 ball pythons
  10 endoplasms
  3 giant cockroaches
  14 goblins
  6 hobgoblins
  2 quokkas
  4 bats
  A frilled lizard (D:1)
  9 kobolds
  6 rats
155 creatures vanquished.

Vanquished Creatures (others)
  An orc (D:8)
1 creature vanquished.

Grand Total: 156 creatures vanquished

Notes
Turn   | Place    | Note
-------+----------+-------------------------------------------
     0 | D:1      | Anriel the Human Gladiator began the quest for the Orb.
     0 | D:1      | Reached XP level 1. HP: 16/16 MP: 1/1
    57 | D:1      | Reached XP level 2. HP: 22/22 MP: 2/2
    85 | D:1      | Reached skill level 1 in Armour
   178 | D:1      | Found Bifigeiv's Antique Weapon Shop.
   388 | D:1      | Reached XP level 3. HP: 27/27 MP: 3/3
  1068 | D:2      | Reached XP level 4. HP: 32/34 MP: 4/4
  1384 | D:3      | Reached XP level 5. HP: 21/40 MP: 5/5
  1460 | D:3      | Noticed Robin
  1579 | D:3      | Found an ornate altar of the Wu Jian Council.
  1821 | D:3      | Reached XP level 6. HP: 39/47 MP: 6/6
  1825 | D:3      | Found the +7 staff of the Meek {protect, meekguard}
  1874 | D:3      | Killed Robin
  2164 | D:4      | Noticed an ogre
  2183 | D:4      | Killed an ogre
  2201 | D:4      | Reached XP level 7. HP: 39/52 MP: 7/7
  2247 | D:4      | Found a glowing drain.
  2267 | Sewer    | Entered a sewer
  2720 | D:4      | Reached XP level 8. HP: 51/60 MP: 8/8
  3030 | D:5      | Entered Level 5 of the Dungeon
  3150 | D:5      | Noticed Duvessa
  3150 | D:5      | Noticed Dowan
  3176 | D:5      | Killed Duvessa
  3183 | D:5      | Killed Dowan
  3300 | D:5      | Noticed Pikel
  3326 | D:5      | Killed Pikel
  3327 | D:5      | Reached skill level 5 in Fighting
  3327 | D:5      | Reached skill level 5 in Axes
  3327 | D:5      | Reached skill level 5 in Throwing
  3327 | D:5      | Reached skill level 5 in Armour
  3327 | D:5      | Reached skill level 5 in Dodging
  3327 | D:5      | Reached XP level 9. HP: 24/68 MP: 9/9
  3385 | D:5      | Found a staircase to the Ecumenical Temple.
  3394 | Temple   | Entered the Ecumenical Temple
  3617 | Temple   | Became a worshipper of Makhleb the Destroyer
  3838 | D:5      | Noticed Menkaure
  3846 | D:5      | Killed Menkaure
  3847 | D:5      | Reached skill level 1 in Invocations
  3847 | D:5      | Reached skill level 1 in Evocations
  3960 | D:5      | Found a glowing golden altar of the Shining One.
  4508 | D:6      | Found a blossoming altar of Fedhas.
  4652 | D:7      | Noticed Joseph
  4684 | D:7      | Killed Joseph
  4710 | D:7      | Found a runed translucent door.
  4711 | D:7      | Noticed Crazy Yiuf
  4720 | D:7      | Killed Crazy Yiuf
  4829 | D:7      | Found a transporter.
  4830 | D:7      | Noticed Heoruswealwe's ghost (novice DECj)
  4831 | D:7      | Found a transporter.
  4853 | D:7      | Noticed a deep elf pyromancer
  5266 | D:8      | Noticed a lindwurm
  5268 | D:8      | Noticed a lindwurm
  5269 | D:8      | Noticed a lindwurm
  5271 | D:8      | Noticed a lindwurm
  5276 | D:8      | Reached XP level 10. HP: 26/74 MP: 13/13
  5280 | D:8      | Reached skill level 5 in Invocations
  5281 | D:8      | Killed from afar by a lindwurm

Illustrated notes

Levels and vault maps discovered:
D:1:      nicolae_arrival_memento_mori, layout_rooms, serial_curves,
          eino_curves_01, eino_curves_02, eino_curves_01, eino_curves_02,
          serial_shops, nicolae_shop_overgrown_old_shop
D:2:      layout_basic
D:3:      layout_basic, mainiacjoe_overflow_surrounded_room,
          pf_guarded_unrand_meek, uniq_robin
D:4:      layout_basic, portal_sewer_entry_a, dreamdust_wishing_well,
          minmay_cupped
D:5:      layout_cave_pods, general_overflow_altar,
          minmay_temple_entry_statues_pillars, uniq_menkaure, uniq_pikel,
          uniq_duvessa
D:6:      layout_rooms, amcnicky_altar_gilded
D:7:      layout_rooms, gammafunk_ghost_arena, chequers_garden,
          patterned_corridor, uniq_joseph, uniq_crazy_yiuf_cottage
D:8:      layout_basic, mainiacjoe_overflow_chevrons, lair_entry_dummy,
          enter_bailey_6, minmay_lindwurm_lava
Temple:   nicolae_temple_bog_church

Skill      XL: |  1  2  3  4  5  6  7  8  9 10 |
---------------+-------------------------------+-----
Armour         | 1 2 3 4 5 |  5.4
Fighting       | 3 4 5 |  5.3
Throwing       | 3 4 5 |  5.3
Dodging        | 4 5 |  5.3
Axes           | 4 5 |  5.3
Invocations    | 4 5 |  5.0
Evocations     | 4 |  4.5

Action                     |  1- 3 |  4- 6 |  7- 9 | 10-12 || total
---------------------------+-------+-------+-------+-------++-------
  Melee: War axe           |    79 |   135 |   349 |     6 ||   569
         Punch             |     1 |     2 |     3 |       ||     6
  Throw: Javelin           |     1 |       |       |       ||     1
         Throwing net      |       |     4 |     8 |       ||    12
    Use: Scroll            |     2 |     6 |     9 |       ||    17
         Potion            |       |       |    10 |       ||    10
   Stab: Sleeping          |     1 |       |       |       ||     1
         Held in net/web   |       |     1 |     1 |       ||     2
 Armour: Leather armour    |     3 |       |       |       ||     3
         Ring mail         |    35 |    48 |       |       ||    83
         Chain mail        |       |    15 |   122 |     4 ||   141
         Plate armour      |       |    20 |   170 |       ||   190
  Dodge: Dodged            |    42 |   106 |   166 |     4 ||   318
